 Dungeon Crawl Stone Soup version 0.20-a0-1122-gb7cbeb9 (webtiles) character file.

182 Naow the Shield-Bearer (level 5, -1/42 HPs)
             Began as a Formicid Fighter on May 15, 2017.
             Slain by Natasha (7 damage)
             ... on level 4 of the Dungeon.
             The game lasted 00:02:54 (2486 turns).

Naow the Shield-Bearer (Formicid Fighter)           Turns: 2486, Time: 00:02:54

Health: -1/42      AC:  7    Str: 22    XL:     5   Next: 93%
Magic:  5/5        EV:  8    Int:  7    God:
Gold:   107        SH: 10    Dex: 10    Spells: 4/4 levels left

rFire    . . .     SeeInvis +   a - +0 war axe
rCold    . . .     Gourm    .   c - +0 shield
rNeg     . . .     Faith    .   b - +0 scale mail
rPois    .         Spirit   .   (helmet unavailable)
rElec    .         Reflect  .   (no cloak)
rCorr    .         Harm     .   (no gloves)
MR       .....                  (no boots)
Stlth    ..........             (no amulet)
Regen    0.2/turn               (no ring)
MPRegen  0.1/turn               (no ring)

@: no status effects
A: permanent stasis, dig shafts and tunnels, four strong arms, antennae 3
a: Dig, Shaft Self


You were on level 4 of the Dungeon.
You were not hungry.

You visited 1 branch of the dungeon, and saw 4 of its levels.

You collected 107 gold pieces.

Inventory:

Hand Weapons
 a - a +0 war axe (weapon)
Armour
 b - a +0 scale mail (worn)
 c - a +0 shield (worn)
 n - a +0 cloak
Jewellery
 x - an uncursed ring of flight {unknown}
 y - a cursed ring of teleportation {unknown}
Wands
 v - a wand of iceblast (10/15)
Scrolls
 e - a scroll of blinking {unknown}
 g - 2 scrolls of remove curse {unknown}
 j - 2 scrolls of identify {unknown}
 k - a scroll of enchant armour {unknown}
 l - 2 scrolls of random uselessness {unknown}
 o - 2 scrolls of enchant weapon {unknown}
 p - a scroll of magic mapping {unknown}
 q - 3 scrolls of teleportation {unknown}
 w - a scroll of fear {unknown}
Potions
 d - a potion of might
 h - a potion of brilliance {unknown}
 i - 2 potions of haste {unknown}
 m - a potion of degeneration {unknown}
 r - 2 potions of heal wounds {unknown}
 s - a potion of flight {unknown}
Comestibles
 f - a bread ration
 t - a royal jelly
 u - 6 chunks of flesh


   Skills:
 + Level 3.9 Fighting
 + Level 3.6 Axes
 + Level 4.0 Armour
 + Level 1.2 Dodging
 + Level 4.7 Shields


You had 4 spell levels left.
You didn't know any spells.

Dungeon Overview and Level Annotations

Branches:
Dungeon (4/15)
 Temple: D:4-7

Altars:

Annotations:
D:3 kusayu's ghost, amateur SpEn
D:4 Natasha


Innate Abilities, Weirdness & Mutations

You cannot be hasted, slowed, berserked, paralysed or teleported.
You can dig through walls and to a lower floor.
Your four strong arms can wield two-handed weapons with a shield.
You have a pair of large antennae on your head. (SInv)


Message History

The howler monkey hoots and howls with incredible vigour!
You closely miss the jackal. You closely miss the howler monkey.
You block the jackal's attack. The howler monkey barely misses you.
The jackal bites you but does no damage.
The howler monkey hits you.
* * * LOW HITPOINT WARNING * * *
Natasha, Servant of Life and Death comes into view.
You slash the jackal!
You kill the jackal!
You hit the worm. You closely miss the howler monkey.
The howler monkey hits you.
* * * LOW HITPOINT WARNING * * *
The worm barely misses you.
Natasha casts a spell.
The howler monkey hits you but does no damage.
You block the howler monkey's attack.
The crimson imp blinks!
The howler monkey hoots and howls with incredible vigour!
Natasha claws you!
You die...

.. ... ....
....###########
........#.....##
...............##
................#
.........<..@h..#
............h.w.#
................#
..............%.#
#...............#
##.............##
##.....#....5##
###..#####... ###


You could see a worm, a howler monkey, Natasha and a crimson imp.

Vanquished Creatures
  A hound (D:4)
  4 adders
  3 gnolls (D:3)
  2 oozes
  A worm (D:2)
  2 dart slugs (D:1)
  3 leopard geckos (D:1)
  An orc (D:3)
  8 bats
  2 giant cockroaches
  5 goblins
  9 hobgoblins
  11 jackals
  4 kobolds
  A ball python (D:1)
  5 frilled lizards
  4 rats
66 creatures vanquished.

Notes
Turn   | Place    | Note
-------+----------+-------------------------------------------
     0 | D:1      | Naow the Formicid Fighter began the quest for the Orb.
     0 | D:1      | Reached XP level 1. HP: 18/18 MP: 1/1
    94 | D:1      | Reached XP level 2. HP: 24/24 MP: 2/2
   113 | D:1      | Reached XP level 3. HP: 17/29 MP: 3/3
   827 | D:1      | Reached XP level 4. HP: 35/35 MP: 4/4
  1974 | D:3      | Reached XP level 5. HP: 41/41 MP: 5/5
  1983 | D:3      | Reached skill level 1 in Dodging
  2433 | D:3      | Noticed kusayu's ghost (amateur SpEn)
  2482 | D:4      | Noticed Natasha
  2486 | D:4      | Slain by Natasha

Vault maps used:
D:1:      elethiomel_arrival_quiet, minmay_misc_feat_encased, minmay_bisected
D:3:      lemuel_coloured_pillars_altar, kiku_gazebo_pond_becter
D:4:      uniq_eustachio, uniq_natasha

Skill      XL: |  1  2  3  4  5 |
---------------+----------------+-----
Shields        | 4 |  4.7
Axes           | 3 |  3.6
Dodging        | 1 |  1.2
Armour         | 4 |  4.0
Fighting       | |  3.9

Action                   |  1- 3 |  4- 6 || total
-------------------------+-------+-------++-------
Melee: War axe           |    82 |   137 ||   219
  Eat: Chunk             |       |     5 ||     5
Armor: Scale mail        |    47 |    69 ||   116
Dodge: Dodged            |    47 |    49 ||    96
Block: Shield            |    49 |    98 ||   147
